[Event "*** SCC Grand Prix: Titled Tuesday Blitz"]
[Site "Chess.com"]
[Date "2020.07.07"]
[Round "3"]
[White "Bodnar_Mykola"]
[Black "BlueWizzard"]
[Result "1-0"]
[WhiteElo "2454"]
[BlackElo "2751"]
[TimeControl "180+1"]
[EndTime "10:29:34 PDT"]
[Termination "Bodnar_Mykola won on time"]

1. e4 c6 2. d4 g6 3. Nf3 Bg7 4. Bd3 d5 5. Nc3 Bg4 6. e5 Qb6 7. Be2 Nh6 8. O-O Nf5 9. Na4 Qa5 10. c3 e6 11. b4 Qc7 12. h3 Bxf3 13. Bxf3 Nd7 14.
Nc5 a5 15. Nxd7 Qxd7 16. a4 axb4 17. cxb4 O-O 18. Be2 b6 19. g4 Ne7 20. Be3 f6 21.
exf6 Bxf6 22. Qd2 Ra7 23. a5 Rfa8 24. Ra2 bxa5 25. bxa5 Nc8 26. a6 Nd6 27. Rb1 Nc4 28. Bxc4 dxc4 29. Qc3 Qd5 30. Ra5 c5 31. Qc2 Qf3 32.
Qxc4 cxd4 33. Qxe6+ Kg7 34. g5 dxe3 35. gxf6+ Qxf6 36. Qxe3 Qd8 37. Rb6 Rd7 38. Rab5 Rc8 39. Kg2 Rd3 40.
Rb7+ Rd7 41. Rxd7+ Qxd7 42. Rb7 Rc7 43. Qe5+ 1-0

[Event "*** SCC Grand Prix: Titled Tuesday Blitz"]
[Site "Chess.com"]
[Date "2020.07.07"]
[Round "3"]
[White "ega2006"]
[Black "SerGo055"]
[Result "0-1"]
[WhiteElo "2362"]
[BlackElo "2555"]
[TimeControl "180+1"]
[EndTime "10:29:34 PDT"]
[Termination "SerGo055 won by resignation"]

1. e4 d5 2. exd5 Qxd5 3. Nf3 Nf6 4. d4 Bg4 5. Be2 Nc6 6. c4 Qh5 7. Be3 O-O-O 8. Nbd2 e5 9. d5 Nd4 10. Nxd4 exd4 11. Bxg4+ Nxg4 12. Bxd4 Re8+ 13. Be3 Bc5 14. Nf1 Qf5 15. Qd2 Bxe3 16. Nxe3 Nxf2 17. Qxf2 Qd3 18. Qd2 Rxe3+ 19. Kd1 Qe4 20. Re1 Rxe1+ 21. Qxe1 Qxc4 22.
Qe5 Rd8 23. Qf5+ Kb8 24. Ke1 Rxd5 25. Qxh7 Re5+ 26. Kf2 Qd4+ 27. Kf1 b6 28. h3 Qxb2 29. Rb1 Qxa2 30. Ra1 Qxa1+ 31. Kf2 Qb2+ 32. Kg1 Qc3 33. Qg8+ Kb7 34. Qxf7 Qe3+ 35. Kh1 Qe4 36. Qf8 Rf5 37. Qa3 Rf1+ 38. Kh2 Rf2 39. Qg3 Rxg2+ 40. Qxg2 Qxg2+ 41.
Kxg2 a5 42. Kg3 a4 43. Kg4 a3 44. Kg5 a2 45. Kg6 a1=Q 0-1

[Event "*** SCC Grand Prix: Titled Tuesday Blitz"]
[Site "Chess.com"]
[Date "2020.07.07"]
[Round "3"]
[White "Dyadya81"]
[Black "ErikBlomqvist"]
[Result "1-0"]
[WhiteElo "2740"]
[BlackElo "2504"]
[TimeControl "180+1"]
[EndTime "10:29:35 PDT"]
[Termination "Dyadya81 won by resignation"]

1. e4 c5 2. Nf3 e6 3. d4 cxd4 4. Nxd4 a6 5. Nc3 b5 6. Bd3 Bb7 7. O-O Nc6 8. Nxc6 Bxc6 9. Qe2 Qb8 10. a4 b4 11. Nd5 Bd6 12. a5 Bxh2+ 13. Kh1 Bd6 14.
Nb6 Ra7 15. Be3 Ne7 16. Nc4 Ra8 17. Nxd6+ Qxd6 18. Qh5 Ng6 19. f4 f5 20. exf5 Qd5 21. Rf3 exf5 22. Rg1 O-O 23. Rh3 Rf6 24. Qe2 Bb5 25.
Bd2 Bxd3 26. Rxd3 Qxa5 27. Rxd7 Qb5 28. Qf3 Rc8 29. Rb7 Qc6 30. Qxc6 Rfxc6 31. Bxb4 Rxc2 32. Bc3 Nxf4 33. Rxg7+ Kf8 34. Rxh7 Ne2 35. Rh8+ Kf7 36. Rxc8 Nxg1 37. Kxg1 Rc1+ 38. Kf2 Ke6 39. Rc6+ Kd5 40. Rxa6 Rc2+ 41. Kf3 Rc1 42. Ra5+ Kc4 43. Rxf5 1-0

[Event "*** SCC Grand Prix: Titled Tuesday Blitz"]
[Site "Chess.com"]
[Date "2020.07.07"]
[Round "3"]
[White "Sam_ChessMood"]
[Black "RitvarsReimanis"]
[Result "1-0"]
[WhiteElo "2843"]
[BlackElo "2568"]
[TimeControl "180+1"]
[EndTime "10:29:35 PDT"]
[Termination "Sam_ChessMood won on time"]

1. e4 e5 2. Nf3 Nc6 3. Bb5 Nf6 4. d3 Bc5 5. c3 O-O 6. Bg5 d6 7. Nbd2 Bg4 8. h3 Bh5 9. g4 Bg6 10. Qe2 a6 11. Ba4 b5 12. Bb3 Na5 13. Bc2 b4 14. Nh4 bxc3 15. bxc3 d5 16. Nxg6 hxg6 17.
h4 Be7 18. Bxf6 Bxf6 19. g5 Be7 20. Nf3 Re8 21. Kf1 Ba3 22. Rb1 Qd6 23. Kg2 Bc5 24. h5 gxh5 25. Rxh5 g6 26. Rh6 Kg7 27. Rbh1 Rh8 28. exd5 Qxd5 29. Qxe5+ Qxe5 30. Nxe5 Rxh6 31. gxh6+ Kh7 32. d4 Be7 33. Nxf7 Nc4 34. Bd3 Nd6 35. Ne5 Nf5 36. Bxf5 gxf5 37. Rh5 Rg8+ 38. Kf3 Rg5 39. Rh1 Bd6 40. Nf7 Rg6 41. Nxd6 Rxd6 42. Kf4 c5 43. Ke5 Rd8 44. dxc5 Rd3 45. c4 1-0

[Event "*** SCC Grand Prix: Titled Tuesday Blitz"]
[Site "Chess.com"]
[Date "2020.07.07"]
[Round "3"]
[White "LedakovAlexandr"]
[Black "alexrustemov"]
[Result "0-1"]
[WhiteElo "2485"]
[BlackElo "2723"]
[TimeControl "180+1"]
[EndTime "10:29:36 PDT"]
[Termination "alexrustemov won on time"]

1. d4 f5 2. Nf3 Nf6 3. Bg5 g6 4. Bxf6 exf6 5. h4 d5 6. h5 Bh6 7. Nc3 Be6 8. e3 Nd7 9. Qd2 Nb6 10. O-O-O Qd7 11. Ne1 O-O-O 12. Nd3 Nc4 13. Qe1 b6 14. Nf4 Bf7 15. b3 Bxf4 16. exf4 Rhe8 17. Be2 Nd6 18. hxg6 hxg6 19. Ba6+ Kb8 20. Qf1 c6 21. Kb2 Re7 22. Re1 Rde8 23. Rxe7 Qxe7 24. Bd3 c5 25. Qd1 c4 26. Be2 b5 27. Bf3 Qe6 28. b4 a6 29.
a3 Kc7 30. Qd2 Kb6 31. a4 Ne4 32. a5+ Kc7 33. Bxe4 fxe4 34. Qe3 Re7 35. Ka3 f5 36. Qg3 Qf6 37. Qe3 Be6 38. Ne2 Kc6 39. c3 Rg7 40. Kb2 Qe7 41. Qg3 Rh7 0-1

[Event "*** SCC Grand Prix: Titled Tuesday Blitz"]
[Site "Chess.com"]
[Date "2020.07.07"]
[Round "3"]
[White "GadimbayliA"]
[Black "volcanoexplorer"]
[Result "1-0"]
[WhiteElo "2897"]
[BlackElo "2584"]
[TimeControl "180+1"]
[EndTime "10:29:36 PDT"]
[Termination "GadimbayliA won by checkmate"]

1. e4 e5 2. Nf3 Nc6 3. Nc3 Nf6 4.
d4 exd4 5. Nxd4 d6 6. Bc4 Be7 7. O-O O-O 8. Nxc6 bxc6 9. Re1 Be6 10. Bxe6 fxe6 11. e5 Nd5 12. Qg4 dxe5 13. Qxe6+ Kh8 14. Nxd5 cxd5 15. Qxe5 Bd6 16. Qg5 Qb8 17. b3 c6 18. Bb2 Qc7 19. Be5 Bxe5 20. Rxe5 Qf7 21.
f3 h6 22. Qe3 Qg6 23. Qd3 Qf7 24. Rae1 Rae8 25. Qe3 Rxe5 26. Qxe5 Qg6 27. Re2 Kh7 28.
Kf2 Rf5 29. Qe6 Rf6 30. Qe5 Rf5 31. Qe8 Rf7 32. h3 Qf6 33. Qe3 Qh4+ 34. Kg1 Qf6 35.
Qc5 Qa1+ 36. Kh2 Qf6 37. Qe3 Qd6+ 38. Qe5 Qg6 39. Qe6 Rf6 40. Qg4 Qf7 41. Qc8 Rg6 42. Qb8 Rf6 43. Re8 d4 44. Rh8+ Kg6 45. Qg3+ Kf5 46.
Qg4+ Ke5 47. Qe4+ Kd6 48. Qxd4+ Kc7 49. Qxa7+ Kd6 50. Rd8+ Ke5 51. Qe3+ Kf5 52. Qe4+ Kg5 53. Qg4# 1-0

[Event "*** SCC Grand Prix: Titled Tuesday Blitz"]
[Site "Chess.com"]
[Date "2020.07.07"]
[Round "3"]
[White "Ziachess74"]
[Black "kingofkolkata"]
[Result "1-0"]
[WhiteElo "2644"]
[BlackElo "2414"]
[TimeControl "180+1"]
[EndTime "10:29:36 PDT"]
[Termination "Ziachess74 won by checkmate"]

1. d4 d5 2. Nf3 Nf6 3. g3 e6 4. Bg2 Be7 5. O-O O-O 6. c4 dxc4 7. Qc2 a6 8. a4 Bd7 9. Qxc4 Bc6 10. Bg5 b5 11. Qc1 bxa4 12. Nc3 a3 13. bxa3 Nbd7 14.
Rd1 Rc8 15. Qc2 Ba8 16. e4 h6 17. Bf4 c5 18. d5 Nh5 19. dxe6 fxe6 20. Bh3 Nxf4 21.
gxf4 Rc7 22. Bxe6+ Kh8 23. Ne5 Nxe5 24. Rxd8 Nf3+ 25.
Kg2 Nh4+ 26. Kh3 Rxd8 27. Nd5 Bxd5 28. exd5 Nf3 29. Qd3 Nd4 30. Qxa6 Bf6 31. Rc1 Rb8 32. Kg2 Rcb7 33. Rxc5 Rb1 34. Rc8+ Rxc8 35. Qxc8+ Kh7 36. Qg8+ Kg6 37. Qf7+ Kh7 38. Qg8+ Kg6 39. Qe8+ Kh7 40. Bg8+ Kh8 41. Bf7+ Kh7 42. Bg6# 1-0

[Event "*** SCC Grand Prix: Titled Tuesday Blitz"]
[Site "Chess.com"]
[Date "2020.07.07"]
[Round "3"]
[White "poppy73"]
[Black "FMJoseHerrera"]
[Result "0-1"]
[WhiteElo "2213"]
[BlackElo "2487"]
[TimeControl "180+1"]
[EndTime "10:29:36 PDT"]
[Termination "FMJoseHerrera won by resignation"]

1. e4 c5 2. Nf3 e6 3. d4 cxd4 4. Nxd4 a6 5. Bd3 Qc7 6. O-O d6 7. c4 Nf6 8. Nc3 Nbd7 9. Qe2 Be7 10. Be3 b6 11. f4 Bb7 12. Rac1 h5 13. f5 e5 14. Nd5 Qd8 15. Nf3 Nc5 16. Bxc5 bxc5 17.
Nxe7 Qxe7 18. Rfd1 h4 19. h3 Nh5 20. Bc2 Rb8 21.
Qd3 Nf4 22. Ba4+ Kf8 23. Qe3 g6 24. fxg6 Rg8 25. Rd2 Rxg6 26. Kh1 Rg3 27. Rcd1 Bc8 28.
Qf2 Rb6 29. Qf1 Kg8 30. Ng1 Bb7 31. Ne2 Nh5 32. Qf5 Rg5 33. Qf3 Qf6 34. Qxf6 Nxf6 35. Rxd6 Rxd6 36. Rxd6 Nxe4 37. Rd8+ Kg7 38. Kg1 Nf6 39.
Rb8 Rxg2+ 40. Kf1 Bf3 41. Ng1 Be4 42. b4 Nh5 43. bxc5 Ng3+ 44. Ke1 Rxg1+ 45. Kf2 Rg2+ 46. Ke1 Bf3 47. Rd8 Re2+ 48. Kd1 Rxa2+ 49. Kc1 Rxa4 50. c6 Rxc4+ 51. Kb2 Rxc6 0-1

[Event "*** SCC Grand Prix: Titled Tuesday Blitz"]
[Site "Chess.com"]
[Date "2020.07.07"]
[Round "3"]
[White "Falia-p"]
[Black "NarminSoyunlu"]
[Result "1-0"]
[WhiteElo "2312"]
[BlackElo "2077"]
[TimeControl "180+1"]
[EndTime "10:29:36 PDT"]
[Termination "Falia-p won by checkmate"]

1. e4 e5 2. Nf3 Nc6 3. Bb5 a6 4. Ba4 Nf6 5. O-O Be7 6. d3 b5 7. Bb3 d6 8. a3 O-O 9. Nc3 Na5 10.
Ba2 c5 11. h3 Bb7 12. Bg5 h6 13. Bxf6 Bxf6 14. Bd5 Bxd5 15. Nxd5 Nc6 16. Nh2 Bg5 17. c3 Ne7 18. Nxe7+ Bxe7 19. g3 d5 20. Qf3 d4 21.
Rac1 Qd7 22. c4 bxc4 23. Rxc4 Rab8 24. Qe2 Rb3 25. Nf3 Rfb8 26. Rc2 c4 27. Nxe5 cxd3 28. Nxd3 Qb5 29. Rd1 Bd6 30. Kf1 Rb7 31. e5 Be7 32. f4 Rb8 33. Rdd2 Qd5 34. Qg2 Qb5 35. Qe4 Qa5 36.
Qxd4 Rd8 37. Qc4 Qb6 38. Nb4 Rxd2 39. Rxd2 Re3 40. Nd5 Rf3+ 41. Ke2 Qf2+ 42. Kd1 Qg1+ 43. Kc2 Qxg3 44. Nxe7+ Kh7 45. Qe4+ g6 46. Nd5 Qxh3 47. Nf6+ Kg7 48. Qa8 Qe6 49. Qg8# 1-0

[Event "*** SCC Grand Prix: Titled Tuesday Blitz"]
[Site "Chess.com"]
[Date "2020.07.07"]
[Round "3"]
[White "pfalcon1949"]
[Black "Cxrjs"]
[Result "0-1"]
[WhiteElo "1936"]
[BlackElo "2266"]
[TimeControl "180+1"]
[EndTime "10:29:36 PDT"]
[Termination "Cxrjs won by checkmate"]

1. d4 Nf6 2. c4 g6 3. Nc3 Bg7 4. e4 d6 5. Nge2 O-O 6. Ng3 Nc6 7. Be2 e5 8. d5 Nd4 9. h4 h5 10. Bg5 Qe8 11. Qd2 a6 12. Bh6 b5 13. Bxg7 Kxg7 14. Qg5 Nc2+ 15. Kd2 Nxa1 16. Bxh5 b4 17. Nce2 Qa4 18.
Rxa1 b3 19. a3 Qxc4 20. Rc1 Nxe4+ 21. Nxe4 Qxe4 22. Bf3 Qf5 23. Qe7 Ra7 24. h5 gxh5 25. Ng3 Qf4+ 26. Ke2 Bg4 27. Rxc7 Rxc7 28. Qxc7 h4 29.
Ne4 Qxe4+ 30. Kf1 Bxf3 31. gxf3 Qd3+ 32. Kg2 Qxd5 33. Qc3 h3+ 34. Kxh3 Rh8+ 35. Kg2 Rh6 36. Qe3 Rg6+ 37. Kf1 Qd1+ 38. Qe1 Rg1+ 39. Kxg1 Qxe1+ 40. Kg2 Qe2 41. Kg3 Qxb2 42. a4 Qa3 43. a5 Qxa5 44. Kg4 Qb4+ 45. Kg3 Qf4+ 46. Kg2 b2 47. Kf1 b1=Q+ 48.
Kg2 Qg6+ 49. Kf1 Qc4+ 50. Ke1 Qg1+ 51. Kd2 Qxf2+ 52. Kd1 Qfe2# 0-1

[Event "*** SCC Grand Prix: Titled Tuesday Blitz"]
[Site "Chess.com"]
[Date "2020.07.07"]
[Round "3"]
[White "AttilaTurzo"]
[Black "novocane"]
[Result "1-0"]
[WhiteElo "2508"]
[BlackElo "2267"]
[TimeControl "180+1"]
[EndTime "10:29:37 PDT"]
[Termination "AttilaTurzo won by resignation"]

1. e4 c5 2. Nf3 Nc6 3. d4 cxd4 4. Nxd4 e5 5. Nb5 d6 6. c4 Be7 7. N5c3 f5 8. exf5 Bxf5 9. Bd3 Be6 10. O-O Nf6 11. Nd2 O-O 12. Nde4 Kh8 13. Be3 Qe8 14. Ng5 Bg8 15. f3 h6 16. Nge4 Rd8 17. Nxf6 Bxf6 18.
Rc1 a6 19. b3 Nd4 20. Be4 b5 21. Nd5 bxc4 22. bxc4 Bxd5 23. cxd5 Qe7 24. Kh1 Bg5 25. Qd2 Bxe3 26. Qxe3 Rc8 27. Qa3 Rxc1 28. Rxc1 Ra8 29.
Qa5 Qb7 30. Rb1 Rc8 31. h3 Qc7 32. Qxa6 g5 33. a4 Qc3 34. Qb7 Rc7 35. Qa8+ Kg7 36.
Qe8 Ne2 37. Qg6+ Kf8 38. Qxd6+ Ke8 39. Rb8+ Rc8 40. Qe6+ Kd8 41. Qg8+ Kd7 42. Bf5+ Kd6 43. Qe6+ Kc5 44. Rxc8+ 1-0

[Event "*** SCC Grand Prix: Titled Tuesday Blitz"]
[Site "Chess.com"]
[Date "2020.07.07"]
[Round "3"]
[White "DraG0s3L"]
[Black "Mbneu"]
[Result "1-0"]
[WhiteElo "2507"]
[BlackElo "2255"]
[TimeControl "180+1"]
[EndTime "10:29:37 PDT"]
[Termination "DraG0s3L won by resignation"]

1. d4 Nf6 2. c4 c5 3. d5 e6 4. Nc3 exd5 5. cxd5 d6 6. Nf3 g6 7. Nd2 Nbd7 8. e4 a6 9. a4 Bg7 10. Be2 O-O 11. O-O Re8 12. Qc2 Ne5 13. h3 c4 14.
f4 Nd3 15. Bxd3 cxd3 16. Qxd3 Nd7 17. Kh1 Qh4 18. Nf3 Qg3 19. Be3 Nc5 20. Bxc5 Bxh3 21.
Ne1 Bxg2+ 22. Nxg2 Qxd3 23. Bxd6 Qh3+ 24. Kg1 Bd4+ 25.
Rf2 Rac8 26. Rd1 Bxf2+ 27. Kxf2 Rxc3 28. bxc3 Rxe4 29. Be5 Qh5 30. Rd2 g5 31. d6 gxf4 32. d7 Qxe5 33. d8=Q+ Kg7 34. Nh4 Re1 35. Qd4 Qxd4+ 36.
Rxd4 Rc1 37. c4 Ra1 38. c5 Rc1 39. Rd5 Rc4 40. Nf5+ Kf6 41. Nd6 Rxa4 42. Nxb7 Ke6 43. Rd6+ Ke7 44. c6 Rc4 45. Rd7+ Ke6 46. Rd6+ Ke7 47. Rh6 a5 48. Nxa5 Rc3 49. Rxh7 Rc5 50. Rh8 Kd6 51. Nb7+ Kxc6 52. Nxc5 1-0

[Event "*** SCC Grand Prix: Titled Tuesday Blitz"]
[Site "Chess.com"]
[Date "2020.07.07"]
[Round "3"]
[White "Zurability"]
[Black "gliglu"]
[Result "1-0"]
[WhiteElo "2595"]
[BlackElo "2400"]
[TimeControl "180+1"]
[EndTime "10:29:38 PDT"]
[Termination "Zurability won by checkmate"]

1. Nf3 d5 2. g3 Nc6 3. d4 Bf5 4.
Bg2 e6 5. c4 Nf6 6. O-O Be7 7.
b3 O-O 8. Bb2 h6 9. Nbd2 Ne4 10.
a3 Rc8 11. b4 Nxd2 12. Nxd2 Bf6 13. e3 dxc4 14. Re1 Bd3 15. Rc1 e5 16. d5 Ne7 17.
Nxc4 Bxc4 18. Rxc4 Qd7 19. e4 Rfd8 20. Qa1 Ng6 21. f4 Qd6 22. Bh3 Rb8 23. Bf5 Re8 24. Rec1 exf4 25. Bxf6 gxf6 26. Rxc7 fxg3 27. R7c3 gxh2+ 28.
Kh1 Kh7 29. Rh3 Qf4 30. Rf1 Qg5 31. Qb2 Rg8 32. Qxh2 Kg7 33. Rg1 Rh8 34. Rxg5 hxg5 35. Kg1 Rxh3 36. Qxh3 Rh8 37. Qc3 Rh4 38. d6 Rf4 39. d7 Ne5 40. d8=Q Nf3+ 41. Kh1 Rh4+ 42. Kg2 Ne5 43. Qxe5 fxe5 44. Qxg5+ Kf8 45. Qxh4 Ke8 46. Qh8+ Ke7 47. Qxe5+ Kf8 48. Qb8+ Kg7 49. Qxb7 Kf6 50.
Kf3 Ke5 51. Qxa7 Kf6 52. Qd4+ Kg5 53. Qg7+ Kh4 54. Qg4# 1-0

[Event "*** SCC Grand Prix: Titled Tuesday Blitz"]
[Site "Chess.com"]
[Date "2020.07.07"]
[Round "3"]
[White "HouseOfDurin"]
[Black "diablanni"]
[Result "0-1"]
[WhiteElo "2031"]
[BlackElo "2299"]
[TimeControl "180+1"]
[EndTime "10:29:38 PDT"]
[Termination "diablanni won by checkmate"]

1. d4 Nf6 2. Bg5 Ne4 3. h4 d5 4. Nd2 Nxd2 5. Qxd2 Bf5 6. e3 h6 7. Bf4 e6 8. Bd3 Bxd3 9. Qxd3 Bd6 10. Qb5+ Nd7 11. Bxd6 cxd6 12. Qxb7 O-O 13. Qa6 Rb8 14. b3 Qc7 15. Qd3 Rfc8 16. Rc1 Qa5+ 17. Qd2 Qxa2 18. Ne2 Nf6 19. f3 Rc7 20. Nc3 Qa6 21.
Na4 e5 22. Kf2 Qc8 23. Rhd1 Qf5 24. Qd3 e4 25. Qe2 exf3 26. Qxf3 Rxc2+ 27. Rxc2 Qxc2+ 28. Kg1 Qxb3 29. Qe2 Qxa4 30. Rf1 Ne4 31. g4 Qd7 32. Qf3 Rb2 33. Qf5 Qxf5 34. Rxf5 Rb5 35. g5 hxg5 36.
hxg5 a5 37. g6 fxg6 38. Rf3 a4 39. Kh2 a3 40. Rf1 Rb2+ 41. Kh3 Rb3 42. Ra1 Rxe3+ 43. Kg4 Kf7 44. Kf4 Rb3 45. Ra2 g5+ 46. Kg4 Kg6 47.
Rf2 Rg3# 0-1

[Event "*** SCC Grand Prix: Titled Tuesday Blitz"]
[Site "Chess.com"]
[Date "2020.07.07"]
[Round "3"]
[White "davidkalashian"]
[Black "Twitch_ElhamBlitz05"]
[Result "1/2-1/2"]
[WhiteElo "2628"]
[BlackElo "2816"]
[TimeControl "180+1"]
[EndTime "10:29:39 PDT"]
[Termination "Game drawn by repetition"]

1. d4 Nf6 2. c4 e6 3. Nf3 d5 4. Nc3 c6 5. Qd3 Nbd7 6. e4 dxe4 7. Nxe4 Nxe4 8. Qxe4 Nf6 9. Qc2 c5 10. Be3 cxd4 11. Bxd4 Bb4+ 12. Bc3 Bxc3+ 13. Qxc3 O-O 14. Bd3 b6 15. O-O-O Qc7 16. Qe5 Qxe5 17. Nxe5 Bb7 18. f3 Rfd8 19. Be2 Kf8 20. Rxd8+ Rxd8 21. Rd1 Rxd1+ 22.
Kxd1 Ke7 23. Kd2 Ne8 24. Kc3 f6 25. Ng4 Nc7 26. Ne3 Kd6 27. b4 g6 28. a3 e5 29. Nf1 Ne6 30. Nd2 f5 31. Nb3 g5 32.
Bd3 e4 33. fxe4 fxe4 34. Bf1 Ke5 35. g3 Bc6 36. Bh3 Ba4 37. Bxe6 Bxb3 38. Bg8 Ba4 39.
Bxh7 Be8 40. h4 gxh4 41. gxh4 Kf4 42. Kd4 e3 43. Bd3 Bg6 44. Be2 Be4 45. c5 bxc5+ 46. bxc5 Bf3 47. Kd3 Be4+ 48. Kd4 Bf3 49. Kd3 Be4+ 50.
Kd4 1/2-1/2

[Event "*** SCC Grand Prix: Titled Tuesday Blitz"]
[Site "Chess.com"]
[Date "2020.07.07"]
[Round "3"]
[White "ApoIogiA"]
[Black "ArnieChipmunk"]
[Result "1-0"]
[WhiteElo "2128"]
[BlackElo "2310"]
[TimeControl "180+1"]
[EndTime "10:29:39 PDT"]
[Termination "ApoIogiA won on time"]

1. d4 d5 2. c4 Nc6 3. Nf3 Bg4 4. e3 e5 5. cxd5 Qxd5 6. Nc3 Bb4 7. dxe5 Qxd1+ 8.
Kxd1 O-O-O+ 9. Kc2 Bxc3 10. Kxc3 Nge7 11. Be2 Nd5+ 12. Kb3 Bxf3 13. Bxf3 Nxe5 14. Be4 c5 15. a3 Rhe8 16. Kc2 Nf6 17. Bf5+ Kc7 18. Bd2 g6 19.
Bh3 Ne4 20. Be1 Nd3 21. Bc3 Ndxf2 22. Rhf1 Nxh3 23. Rxf7+ Rd7 24. Rxd7+ Kxd7 25. gxh3 Nxc3 26. bxc3 Rxe3 27. Rf1 Ke6 28. Rf8 Rxh3 29. Re8+ Kd7 30. Ra8 a6 31. Rb8 Rxh2+ 32. Kb3 Kc6 33. a4 g5 34. Rg8 h6 35. Kc4 Rh4+ 36. Kb3 b5 37.
Rg6+ Kd5 38. Rxa6 bxa4+ 39. Kc2 Rh2+ 40. Kd3 1-0

[Event "*** SCC Grand Prix: Titled Tuesday Blitz"]
[Site "Chess.com"]
[Date "2020.07.07"]
[Round "3"]
[White "kirillshevchenko"]
[Black "econpower"]
[Result "1-0"]
[WhiteElo "2944"]
[BlackElo "2666"]
[TimeControl "180+1"]
[EndTime "10:29:40 PDT"]
[Termination "kirillshevchenko won by checkmate"]

1. e4 d6 2. d4 Nf6 3. Nc3 e5 4. Nf3 Nbd7 5. Bc4 Be7 6. a4 O-O 7. O-O c6 8. Re1 exd4 9. Nxd4 Ne5 10. Bb3 Qc7 11. f4 Ng6 12. Nf5 Re8 13. Nxe7+ Rxe7 14. f5 Ne5 15. Bg5 Neg4 16. Qd4 d5 17. h3 c5 18. Qd2 Qh2+ 19. Kf1 Nxe4 20. Nxe4 Qh1+ 21. Ke2 Rxe4+ 22. Kd1 Rxe1+ 23. Qxe1 Nf2+ 24. Ke2 Qxe1+ 25.
Rxe1 Ne4 26. Bxd5 Nxg5 27. h4 Nh3 28. gxh3 Bxf5 29. Kd2 Rd8 30. Kc3 b6 31. Re7 Bg6 32.
Rxa7 h5 33. Bc4 Rd4 34. Rb7 Rxh4 35. b3 Rxh3+ 36. Kb2 Rh2 37. Rxb6 Rxc2+ 38. Ka3 h4 39. Bd5 Rd2 40. Bb7 Bb1 41. b4 c4 42. b5 c3 43. Rc6 c2 44. Rc8+ Kh7 45. a5 g6 46.
a6 Rd8 47. Kb2 Rd4 48. a7 Rb4+ 49. Kc1 Ra4 50. a8=Q Rxa8 51. Bxa8 g5 52. b6 Ba2 53. b7 Bd5 54. b8=Q Be6 55. Rh8+ Kg6 56. Qg8+ Kf6 57. Qd8+ Kf5 58. Rg8 f6 59. Qd3+ Ke5 60. Qxc2 h3 61.
Qe2+ Kf5 62. Qe4# 1-0

[Event "*** SCC Grand Prix: Titled Tuesday Blitz"]
[Site "Chess.com"]
[Date "2020.07.07"]
[Round "3"]
[White "QueenOfTactics90"]
[Black "sri5996"]
[Result "0-1"]
[WhiteElo "2022"]
[BlackElo "2291"]
[TimeControl "180+1"]
[EndTime "10:29:40 PDT"]
[Termination "sri5996 won by resignation"]

1. e4 c5 2. Nf3 d6 3. d4 cxd4 4.
Nxd4 Nf6 5. f3 e5 6. Nb3 Be7 7. c4 a5 8. Be3 a4 9. N3d2 Qa5 10. a3 O-O 11. Nc3 Bd7 12. Bd3 Bd8 13. O-O Bb6 14. Bf2 Nc6 15. Nb5 Bc5 16. Bc2 Rfd8 17. Kh1 Bxf2 18.
Rxf2 Be6 19. Qe2 Rac8 20. b4 axb3 21. Nxb3 Qb6 22. a4 Bxc4 23. Qd2 Bxb5 24. axb5 Qxb5 25.
Rb1 Qb4 26. Qe3 Nd4 27. Nxd4 Qxd4 28. Qxd4 exd4 29. Rd2 Rc7 30. Rb4 Rdc8 31. Bd1 d5 32. Rbxd4 h6 33. e5 Nd7 34. Rxd5 Nb6 35. Rd6 Nc4 36.
Rd8+ Kh7 37. h3 Nxd2 38. Rxd2 Rc1 39. Kh2 b5 40. Bb3 R8c7 41. Bd5 b4 42. Be4+ g6 43.
Rb2 R1c4 44. Bd5 Rd4 45. Be4 Kg7 46. Kg3 Rc3 47. Kf4 b3 48. Kg3 Rxe4 0-1

[Event "*** SCC Grand Prix: Titled Tuesday Blitz"]
[Site "Chess.com"]
[Date "2020.07.07"]
[Round "3"]
[White "ChronicUnhappiness"]
[Black "Reader777"]
[Result "0-1"]
[WhiteElo "2423"]
[BlackElo "2671"]
[TimeControl "180+1"]
[EndTime "10:29:41 PDT"]
[Termination "Reader777 won on time"]

1. c4 Nf6 2. Nf3 e6 3. Nc3 b6 4. d4 Bb7 5. e3 Bb4 6. Bd2 O-O 7. Bd3 d6 8. O-O Nbd7 9. a3 Bxc3 10. Bxc3 Ne4 11.
Rc1 Qe7 12. Nd2 Nxc3 13. Rxc3 e5 14. d5 f5 15. b4 a5 16. Qc2 g6 17. Nb3 axb4 18. axb4 Ra3 19. Ra1 Rxa1+ 20. Nxa1 c6 21. dxc6 Bxc6 22. Nb3 Qg5 23. Bf1 f4 24. e4 f3 25. g3 Nf6 26. Nd2 Qh5 27. Rxf3 Bxe4 28. Nxe4 Qxf3 29. Nxd6 Ng4 30. Ne4 Ne3 31. Qd3 Nxf1 32.
Qd5+ Qf7 33. Kxf1 Qxd5 34. cxd5 Rd8 35. d6 Kf7 36. Ke2 Ke6 37. Kd3 Kd5 38. h4 Ra8 39.
Nf6+ Kxd6 40. Nxh7 Ra3+ 41. Ke4 Rb3 42. Nf8 Rxb4+ 43.
Ke3 Ke7 44. Nxg6+ Kf6 45. h5 Rd4 46. f3 b5 47. g4 b4 0-1

[Event "*** SCC Grand Prix: Titled Tuesday Blitz"]
[Site "Chess.com"]
[Date "2020.07.07"]
[Round "3"]
[White "Karina_Ivanova"]
[Black "ChessicallyInclined"]
[Result "0-1"]
[WhiteElo "2218"]
[BlackElo "2494"]
[TimeControl "180+1"]
[EndTime "10:29:42 PDT"]
[Termination "ChessicallyInclined won on time"]

1. d4 Nf6 2. Nf3 e6 3. g3 b6 4. Bg2 Bb7 5. O-O c5 6. c4 cxd4 7. Qxd4 Qc8 8. Nc3 Nc6 9. Qf4 a6 10. Rd1 Na5 11. b3 b5 12. Ne5 Bxg2 13. Kxg2 bxc4 14. Nxc4 Nxc4 15. bxc4 Qc6+ 16. Qf3 Rc8 17. Bg5 Qxf3+ 18. Kxf3 Rxc4 19. Bxf6 gxf6 20. Rac1 f5 21. Nb1 Rxc1 22. Rxc1 Kd8 23. Nd2 Bb4 24. Nb3 Ke7 25. Rc7 Rb8 26. Ra7 Rb6 27. h4 h5 28. e3 Bc3 29.
Kf4 Bf6 30. Nc5 Rc6 31. Nxd7 Rc4+ 32. Kf3 Rc3 33. Nc5+ Kf8 34. Nxa6 Ra3 35. Ra8+ Kg7 36. Nc7 Rxa8 37. Nxa8 Bd8 38. Kf4 Kf6 39. e4 e5+ 40.
Ke3 fxe4 41. Kxe4 Ke6 42. a4 f5+ 43. Kd3 Kd5 44. Kc3 Ba5+ 45. Kb3 Kd4 46. f3 e4 47.
fxe4 fxe4 48. Kc2 e3 49. Kd1 Kd3 50. g4 e2+ 51. Kc1 e1=Q+ 0-1

[Event "*** SCC Grand Prix: Titled Tuesday Blitz"]
[Site "Chess.com"]
[Date "2020.07.07"]
[Round "3"]
[White "vangulio"]
[Black "anon569"]
[Result "0-1"]
[WhiteElo "2485"]
[BlackElo "2361"]
[TimeControl "180+1"]
[EndTime "10:29:43 PDT"]
[Termination "anon569 won by resignation"]

1. d4 Nf6 2. Nf3 e6 3. c4 Bb4+ 4.
Bd2 c5 5. g3 Nc6 6. Bg2 Qb6 7.
O-O Bxd2 8. Qxd2 cxd4 9. Na3 O-O 10. Rad1 e5 11. b4 Ne4 12. Qb2 Nc3 13. Rd2 d6 14. b5 Ne7 15. Re1 Be6 16. e3 dxe3 17. Rxe3 Na4 18. Qb4 Nc5 19. Ng5 Rad8 20. Nxe6 fxe6 21.
Re1 Nf5 22. Nc2 a5 23. Qc3 Na4 24. Qa3 Nc5 25. Red1 Kh8 26. Kh1 h6 27. Qb2 Rd7 28.
Qc3 Rdf7 29. Ne1 Na4 30. Qa3 Nc5 31. Bh3 Nd4 32. f4 Ne4 33. Rb2 exf4 34. gxf4 Rxf4 35. Qe3 Nf2+ 36. Kg2 Nxh3 37. Qxh3 Qc5 38. Rbd2 Qg5+ 39. Qg3 Rg4 40. Rxd4 Rxg3+ 41. hxg3 Qe3 42. R4d2 Qe4+ 43. Kg1 Qxc4 44. Rxd6 Qf1+ 45. Kh2 Rf2+ 0-1

[Event "*** SCC Grand Prix: Titled Tuesday Blitz"]
[Site "Chess.com"]
[Date "2020.07.07"]
[Round "3"]
[White "Revnov"]
[Black "viditchess"]
[Result "0-1"]
[WhiteElo "2681"]
[BlackElo "3020"]
[TimeControl "180+1"]
[EndTime "10:29:44 PDT"]
[Termination "viditchess won by resignation"]

1. e4 c5 2. Nf3 d6 3. c3 Nf6 4. h3 g6 5. Bd3 Bg7 6. Bc2 e5 7. O-O O-O 8. Re1 Nc6 9. a3 a5 10. d3 h6 11. a4 Be6 12. Na3 Ne8 13. Bb3 Nc7 14. Nb5 Nxb5 15. axb5 Bxb3 16. Qxb3 Ne7 17.
Be3 Kh7 18. d4 f5 19. exf5 e4 20. Nh4 gxf5 21. dxc5 d5 22. Rad1 Qe8 23. g3 a4 24.
Qb4 f4 25. Bxf4 Rxf4 26. gxf4 Qh5 27. Ng2 Bf6 28. Rd2 Rg8 29. Re3 Nf5 30. c6 Nh4 31. Rg3 Rxg3 32. fxg3 Nf3+ 33. Kf2 Nxd2 34. g4 Qxh3 35.
Qd6 Qf3+ 36. Kg1 Bg7 37. Qe6 Qd1+ 38. Kh2 Nf1+ 39. Kg1 Ne3+ 40. Kh2 Nxg4+ 41. Kg3 Qf3+ 42. Kh4 Bf6+ 43. Kh5 Qh3+ 0-1

[Event "*** SCC Grand Prix: Titled Tuesday Blitz"]
[Site "Chess.com"]
[Date "2020.07.07"]
[Round "3"]
[White "SCIM"]
[Black "Gabrielian_Artur"]
[Result "1-0"]
[WhiteElo "2560"]
[BlackElo "2758"]
[TimeControl "180+1"]
[EndTime "10:29:44 PDT"]
[Termination "SCIM won by checkmate"]

1. d4 Nf6 2. c4 c5 3. d5 e6 4.
Nc3 exd5 5. cxd5 d6 6. e4 g6 7. Nge2 h5 8. Bg5 Nbd7 9. Qd2 a6 10. a4 Bg7 11. h4 Rb8 12. Ng3 Qc7 13. Be2 c4 14. a5 O-O 15. O-O Re8 16. Bh6 Bh8 17.
Rfc1 Ne5 18. Be3 Nfg4 19. Bb6 Qe7 20. Nd1 Qxh4 21. Nf1 Bd7 22. f3 Bb5 23. fxg4 Nxg4 24. Bxg4 Qxg4 25. Nf2 Qh4 26. Bd4 Be5 27. Bxe5 Rxe5 28.
Ra3 Rbe8 29. Rf3 Qe7 30. Ne3 Qc7 31. Nc2 Qe7 32. Nd4 Kg7 33. Nxb5 axb5 34. Rf1 f6 35.
Qd4 Kh7 36. Qb6 Rf8 37. Qxb5 f5 38. exf5 Rfxf5 39. Rxf5 Rxf5 40. Qxc4 Qf7 41. b4 Kh6 42.
Ne4 Rxf1+ 43. Qxf1 Qe7 44. Qf4+ Kg7 45. b5 Qc7 46.
Qf6+ Kh7 47. Ng5+ Kh6 48. Nf7+ Kh7 49. Qh8# 1-0